 Dungeon Crawl Stone Soup version 0.31-a0-925-g0a390f2509 (webtiles) character file.

Game seed: 5763064467392370146

112 Concombre the Covered (level 4, -6/41 HPs)
             Began as a Minotaur Fighter on Sept 19, 2023.
             Mangled by Ijyb
             ... wielding a +2 mace of protection
              (8 damage)
             ... on level 3 of the Dungeon on Oct 18, 2023.
             The game lasted 00:05:50 (2289 turns).

Concombre the Covered (Minotaur Fighter)            Turns: 2289, Time: 00:05:51

Health: -6/41      AC:  7    Str: 20    XL:     4   Next: 63%
Magic:  3/3        EV:  9    Int:  5    God:
Gold:   83         SH:  4    Dex: 12    Spells: 3/3 levels left

rFire   . . .        a - +0 trident
rCold   . . .        c - +0 buckler
rNeg    . . .        b - +0 scale mail
rPois   .            (helmet restricted)
rElec   .            (no cloak)
rCorr   .            (no gloves)
SInv    .            (no boots)
Will    .....        e - amulet of the acrobat Stlth
                     (no ring)
HPRegen 0.26/turn    (no ring)
MPRegen 0.08/turn

%: acrobat
@: no status effects
A: horns 2, retaliatory headbutt
a: no special abilities


You were on level 3 of the Dungeon.
You visited 1 branch of the dungeon, and saw 3 of its levels.

You collected 83 gold pieces.

Inventory:

Hand Weapons
 a - a +0 trident (weapon)
 j - a +0 sling
Armour
 b - a +0 scale mail (worn)
 c - a +0 buckler (worn)
Jewellery
 e - an amulet of the acrobat (around neck)
 f - a ring of willpower
 h - an amulet of faith
Scrolls
 m - a scroll of enchant armour {unknown}
 p - a scroll of fear {unknown}
Potions
 g - a potion of invisibility
 k - a potion of cancellation {unknown}
 l - a potion of lignification {unknown}
 n - a potion of brilliance {unknown}
 o - a potion of curing {unknown}


   Skills:
 + Level 4.5 Fighting
 + Level 3.0 Polearms
 + Level 2.6 Ranged Weapons
 + Level 4.6 Armour
 - Level 3.6 Shields


You had 3 spell levels left.
You didn't know any spells.
Your spell library contained the following spells:

 Spells                   Type           Power      Damage    Failure   Level
 Summon Small Mammal      Summ           0%         N/A       88%         1
 Static Discharge         Conj/Air       0%         2-2/arc   95%         2
 Call Canine Familiar     Summ           0%         N/A       99%         3
 Summon Guardian Golem    Hex/Summ       0%         N/A       99%         3
 Airstrike                Air            0%         2d(0-16)  100%        4
 Summon Lightning Spire   Summ/Air       0%         N/A       100%        4


Dungeon Overview and Level Annotations

Branches:
Dungeon (3/15)

Altars:

Shops:
D:1 *

Annotations:
D:3 Ijyb


Innate Abilities, Weirdness & Mutations

You have a pair of horns on your head.
You reflexively headbutt those who attack you in melee.


Message History

You shoot a sling bullet. The sling bullet hits Ijyb.
Ijyb is lightly wounded.
Ijyb zaps a wand.
You barely resist. You shoot a sling bullet.
The sling bullet barely misses Ijyb.
Ijyb screams, "I cut your head off!"
a - a +0 trident (weapon)
You closely miss Ijyb.
Ijyb is lightly wounded.
Ijyb hits you with a +2 mace of protection.
You hit Ijyb but do no damage. Your headbutt misses Ijyb.
Ijyb is lightly wounded.
Ijyb screams, "Get away!"
You block Ijyb's attack.
Ijyb hits you with a +2 mace of protection.
You hit Ijyb. Your headbutt misses Ijyb.
Ijyb is moderately wounded.
Ijyb zaps a wand.
Your mind is blasted!
You hit Ijyb. You headbutt Ijyb.
Ijyb is severely wounded.
Ijyb zaps a wand.
Your mind is blasted!
You hit Ijyb but do no damage.
Ijyb is severely wounded.
Ijyb barely misses you.
You closely miss Ijyb. Your headbutt misses Ijyb.
Ijyb is severely wounded.
Ijyb zaps a wand.
Your mind is blasted!
You are too injured to fight recklessly!
You are too injured to fight recklessly!
You are too injured to fight recklessly!
You barely miss Ijyb.
Ijyb is severely wounded.
Ijyb zaps a wand.
Your mind is blasted!
You barely miss Ijyb. Your headbutt misses Ijyb.
Ijyb is severely wounded.
Ijyb hits you but does no damage.
Ijyb zaps a wand.
Your mind is blasted!
* * * LOW HITPOINT WARNING * * *
You closely miss Ijyb.
Ijyb is severely wounded.
Ijyb hits you with a +2 mace of protection!
You die...

.#.. ... .###
####### ..
....##.....## .#
# ............##
)##..
.............# .
...##
.............##..
.)...
...!.............
....#
..$...........#
..#.#
......g@<....#
....#
.......).....#
....#
............##
.....
...........##
...#.
.......#####
..... .......
...#. .......
.......


You could see Ijyb.

Vanquished Creatures
  A scorpion (D:2)
  A worm (D:2)
  2 ball pythons
  6 endoplasms
  A giant cockroach (D:3)
  9 goblins
  4 hobgoblins
  3 kobolds
  5 quokkas
  3 bats
  2 frilled lizards
  2 rats
39 creatures vanquished.

Notes
Turn   | Place    | Note
-------+----------+-------------------------------------------
     0 | D:1      | Concombre the Minotaur Fighter began the quest for the Orb.
     0 | D:1      | Reached XP level 1. HP: 19/19 MP: 0/0
   238 | D:1      | Found Dironon's General Store.
   253 | D:1      | Reached XP level 2. HP: 27/27 MP: 1/1
   382 | D:1      | Upgraded the game from 0.31-a0-799-g6bc09d010c to
                  | 0.31-a0-925-g0a390f2509
   958 | D:2      | Reached XP level 3. HP: 21/33 MP: 2/2
  1741 | D:3      | Reached skill level 1 in Ranged Weapons
  1986 | D:3      | Noticed a scorpion
  1990 | D:3      | Noticed Ijyb
  2000 | D:2      | Killed a scorpion
  2001 | D:2      | Reached XP level 4. HP: 12/41 MP: 3/3
  2288 | D:3      | HP: 2/41 [disintegration (14)]
  2289 | D:3      | Mangled by Ijyb

Illustrated notes

Levels and vault maps discovered:
D:1:      ebering_trefoil_3fold, layout_loops_cross, serial_shops, shop
D:2:      layout_basic, serial_bayou_crossing
D:3:      layout_rooms, shapermc_ecumenical_altar_mp_ritualfount, uniq_ijyb

Skill      XL: |  1  2  3 |
---------------+----------+-----
Fighting       | 4 |  4.5
Armour         | 4 |  4.6
Ranged Weapons | 2 |  2.6
Polearms       | 3 |  3.0
Shields        | |  3.6

Action                     |  1- 3 |  4- 6 || total
---------------------------+-------+-------++-------
  Melee: Trident           |    79 |     9 ||    88
         Headbutt          |     4 |     1 ||     5
   Fire: Sling             |    58 |    15 ||    73
    Use: Scroll            |       |     3 ||     3
         Potion            |       |     1 ||     1
 Armour: Scale mail        |    46 |     5 ||    51
  Dodge: Dodged            |    28 |     1 ||    29
  Block: Buckler           |    12 |     1 ||    13

Table legend: (Time is in decaauts)
 A = Elapsed time spent in this place.
 B = Non-inter-level travel time spent in this place.
 C = Inter-level travel time spent in this place.
 D = Time resting spent in this place.
 E = Time spent auto-exploring this place.
 F = Levels seen in this place.
 G = Mean time per level.
                   A        B        C        D        E       F      G
               +--------+--------+--------+--------+--------+-----+--------+
         Total |   2346 |   2151 |    195 |    633 |   1166 |   3 |  782.0 |
       Dungeon |   2346 |   2151 |    195 |    633 |   1166 |   3 |  782.0 |
               +--------+--------+--------+--------+--------+-----+--------+

Top non-repeatable levels by time:
     D:2: 1175 daAuts
     D:1: 682 daAuts
     D:3: 488 daAuts
